 Dungeon Crawl Stone Soup version 0.32-a0-931-g5a2cda0630 (webtiles) character file.

Game seed: 6255983281893182161

985 LukeNinja the Chopper (level 7, -2/61 HPs)
             Began as a Mountain Dwarf Fighter on Apr 13, 2024.
             Succumbed to a water moccasin's poison
             ... on level 5 of the Dungeon.
             The game lasted 00:21:59 (4346 turns).

LukeNinja the Chopper (Mountain Dwarf Fighter)      Turns: 4346, Time: 00:21:59

Health: -2/61      AC: 10    Str: 20    XL:     7   Next: 97%
Magic:  7/7        EV:  9    Int: 15    God:
Gold:   234        SH:  4    Dex:  9    Spells: 5/6 levels left

rFire   . . .        f - +3 hand axe (flame)
rCold   . . .        c - +0 buckler
rNeg    . . .        b - +0 scale mail
rPois   .            k - +0 helmet
rElec   .            y - +0 cloak
rCorr   .            (no gloves)
SInv    +            (no boots)
Will    .....        w - amulet of magic regeneration Stlth
                     h - +6 ring of intelligence
HPRegen 0.30/turn    t - ring of see invisible
MPRegen 0.50/turn

%: no passive effects
@: lethally poisoned (-2 -> -12)
A: runic magic, artefact enchanting
a: no special abilities


You were on level 5 of the Dungeon.
You visited 1 branch of the dungeon, and saw 5 of its levels.

You collected 234 gold pieces.

Inventory:

Hand Weapons
 f - a +3 hand axe of flaming (weapon)
Missiles
 e - 59 stones (quivered)
Armour
 b - a +0 scale mail (worn)
 c - a +0 buckler (worn)
 k - a +0 helmet (worn)
 y - a +0 cloak (worn)
Magical Staves
 l - a staff of alchemy
 m - a staff of earth
Jewellery
 h - a +6 ring of intelligence (left hand)
 n - an amulet of faith
 p - a +6 ring of dexterity
 t - a ring of see invisible (right hand)
 w - an amulet of magic regeneration (around neck)
Wands
 v - a wand of quicksilver (5)
Scrolls
 g - 3 scrolls of noise
 r - a scroll of teleportation {unknown}
 A - a scroll of vulnerability
Potions
 a - a potion of ambrosia
 d - a potion of might
 i - 2 potions of lignification {unknown}
 j - a potion of enlightenment {unknown}
 o - a potion of invisibility {unknown}
 q - a potion of haste {unknown}
 s - a potion of mutation {unknown}
 u - a potion of curing {unknown}
 B - a potion of berserk rage {unknown}


   Skills:
 + Level 5.2 Fighting
 + Level 7.4 Axes
 + Level 5.8 Armour
 + Level 2.0 Dodging
 + Level 0.3 Stealth
 + Level 4.2 Shields


You had 5 spell levels left.
You knew the following spells:

 Your Spells              Type           Power      Damage    Failure   Level
a - Slow                  Hex            0%         N/A       38%         1

Your spell library contained the following spells:

 Spells                   Type           Power      Damage    Failure   Level
 Confusing Touch          Hex            0%         N/A       77%         3
 Vampiric Draining        Necr           0%         2d6       77%         3


Dungeon Overview and Level Annotations

Branches:
Dungeon (5/15)
 Temple: D:4-7

Altars:
Wu Jian

Shops:
D:1 *


Innate Abilities, Weirdness & Mutations

Your spellcasting is much less encumbered by armour.
You can use scrolls of enchantment on lesser artefacts.


Message History

The water moccasin poisons you!
You barely miss the water moccasin.
The water moccasin is almost dead.
You feel very sick. You block the water moccasin's attack.
You closely miss the water moccasin.
The water moccasin is almost dead.
You feel very sick. You block the water moccasin's attack.
You hit the water moccasin but do no damage.
The water moccasin is almost dead.
You feel very sick. The water moccasin barely misses you.
The water moccasin bites you but does no damage.
Unknown command.
You miss the water moccasin.
The water moccasin is severely wounded.
You feel very sick. The water moccasin bites you.
* * * LOW HITPOINT WARNING * * *
You are lethally poisoned!
The water moccasin poisons you!
You hit the water moccasin. You burn the water moccasin.
The water moccasin is almost dead.
* * * LOW HITPOINT WARNING * * *
You feel very sick. The water moccasin barely misses you.
You slash the water moccasin! You burn the water moccasin.
You kill the water moccasin!
* * * LOW HITPOINT WARNING * * *
You feel very sick.
Your Dodging skill increases to level 2!
There is a lethal amount of poison in your body!
As you read the scroll of identify, it crumbles to dust.
a - a potion of ambrosia
* * * LOW HITPOINT WARNING * * *
You feel very sick.
There is a lethal amount of poison in your body!
It was a potion of magic.
Magic courses through your body.
You die...

####...######
#.........# #.........#
#.........# #.........#
#.........###########.##
..........'.............
..........######.######
#.).......# #@#
#.........# #.#
......##### #.# ......#
#.# ......# #.# +######
... ..# ...


There were no monsters in sight!

Vanquished Creatures
  A water moccasin (D:5)
  3 black bears (D:4)
  4 scorpions
  An orc priest (D:5)
  A hound (D:4)
  A jelly (D:4)
  Ijyb (D:3)
  2 iguanas (D:4)
  An orc wizard (D:4)
  9 adders
  2 ribbon worms
  3 dart slugs
  8 orcs
  5 bats
  6 endoplasms
  3 giant cockroaches
  6 hobgoblins
  4 jackals
  2 quokkas
  6 ball pythons
  2 frilled lizards (D:2)
  15 goblins
  7 kobolds
  3 rats
96 creatures vanquished.

Notes
Turn   | Place    | Note
-------+----------+-------------------------------------------
     0 | D:1      | LukeNinja the Mountain Dwarf Fighter began the quest for
                  | the Orb.
     0 | D:1      | Reached XP level 1. HP: 19/19 MP: 1/1
   407 | D:1      | Reached XP level 2. HP: 24/26 MP: 2/2
   554 | D:1      | Found Juleux's General Store.
   793 | D:2      | Reached skill level 3 in Axes
   797 | D:2      | Reached XP level 3. HP: 12/33 MP: 3/3
  1043 | D:2      | Reached XP level 4. HP: 32/40 MP: 4/4
  1741 | D:3      | Noticed Ijyb
  1782 | D:3      | HP: 1/40 [Ijyb/bolt of dispelling energy (9)]
  2020 | D:3      | Reached skill level 4 in Axes
  2056 | D:3      | HP: 2/40 [Ijyb/+0 dagger (3)]
  2059 | D:3      | Killed Ijyb
  2060 | D:3      | Reached XP level 5. HP: 3/46 MP: 5/5
  2565 | D:4      | Reached skill level 5 in Axes
  2653 | D:4      | Reached skill level 1 in Dodging
  2657 | D:4      | Noticed a black bear
  2663 | D:4      | Killed a black bear
  2664 | D:4      | Reached XP level 6. HP: 29/53 MP: 6/6
  2766 | D:4      | Learned a level 1 spell: Slow
  2961 | D:4      | Reached skill level 6 in Axes
  2961 | D:4      | Reached skill level 5 in Armour
  3133 | D:4      | Reached XP level 7. HP: 50/60 MP: 7/7
  3333 | D:4      | Reached skill level 5 in Fighting
  3624 | D:4      | Identified the +2 mace of Nuysyo {heavy, rPois rC- rN+}
  4002 | D:5      | Entered Level 5 of the Dungeon
  4146 | D:5      | Reached skill level 7 in Axes
  4180 | D:5      | Found an ornate altar of the Wu Jian Council.
  4345 | D:5      | HP: 1/61 [poisoned by a water moccasin]
  4346 | D:5      | Succumbed to a water moccasin's poison

Illustrated notes

Levels and vault maps discovered:
D:1:      zaba_arrival_water, layout_basic, serial_shops,
          nicolae_shop_rolling_square, minmay_misc_feat_pillars
D:2:      layout_rooms, hangedman_glass_teeth
D:3:      kennysheep_the_goblin_king, layout_basic, minmay_snake_closets
D:4:      layout_layer_cave, uniq_ijyb
D:5:      layout_basic, mainiacjoe_overflow_six_doors_small,
          mainiacjoe_overflow_alcove_2, gup_ossuary_entry_pyramid,
          kennysheep_windowed_goal

Skill      XL: |  1  2  3  4  5  6  7 |
---------------+----------------------+-----
Axes           | 3 4 5 6 7 |  7.4
Fighting       | 4 5 |  5.2
Armour         | 4 5 |  5.8
Dodging        | 1 2 |  2.0
Shields        | 4 |  4.2
Stealth        | |  0.3

Action                     |  1- 3 |  4- 6 |  7- 9 || total
---------------------------+-------+-------+-------++-------
  Melee: War axe           |    92 |    51 |       ||   143
         Hand axe          |       |   141 |    70 ||   211
    Use: Scroll            |     2 |     3 |     1 ||     6
         Potion            |       |     1 |     1 ||     2
 Armour: Scale mail        |   105 |   150 |    45 ||   300
  Dodge: Dodged            |    61 |    94 |    25 ||   180
  Block: Buckler           |    33 |    39 |    11 ||    83

Table legend: (Time is in decaauts)
 A = Elapsed time spent in this place.
 B = Non-inter-level travel time spent in this place.
 C = Inter-level travel time spent in this place.
 D = Time resting spent in this place.
 E = Time spent auto-exploring this place.
 F = Levels seen in this place.
 G = Mean time per level.
                   A        B        C        D        E       F      G
               +--------+--------+--------+--------+--------+-----+--------+
         Total |   4421 |   4328 |     93 |    821 |   1356 |   5 |  884.2 |
       Dungeon |   4421 |   4328 |     93 |    821 |   1356 |   5 |  884.2 |
               +--------+--------+--------+--------+--------+-----+--------+

Top non-repeatable levels by time:
     D:4: 1626 daAuts
     D:3: 924 daAuts
     D:2: 771 daAuts
     D:1: 754 daAuts
     D:5: 344 daAuts
